MAA
LANCASTER FARMERS @ BELVEDERE PARK RAWHIDES
08/03/2019
 
TOP OF THE 1ST
Lancaster Farmers batting - Pitching for Belvedere Park Rawhides : RHP Jeff Mayer
Pitching: RHP Jeff Mayer
Batting: RHB Fernando Castro 0-0: SINGLE (Line Drive, 5D)
Batting: RHB Fred Meyer 0-0: Ball
1-0: Foul Ball, location: 2F
1-1: Swinging Strike
1-2: Strikes out swinging
Batting: RHB Jeffrey Avery 0-0: Foul Ball, location: 2F
0-1: SINGLE (Flyball, 8LS)
Fernando Castro to second
Batting: RHB Jason Ruffin 0-0: Swinging Strike
0-1: Foul Ball, location: 2F
0-2: SINGLE (Flyball, 9LS)
Fernando Castro to third
Jeffrey Avery to second
Runner from 3rd tries for Home, throw and OUT!
Jeffrey Avery to third
Jason Ruffin to second
Batting: LHB Jim Unknown 0-0: Fly out, F8 (Flyball, 8LD)
Top of the 1st over - 0 run(s), 3 hit(s), 0 error(s), 2 left on base; Lancaster 0 - Belvedere Park 0
BOTTOM OF THE 1ST
Belvedere Park Rawhides batting - Pitching for Lancaster Farmers : RHP John Boyle
Pitching: RHP John Boyle
Batting: RHB Ralph McKnight 0-0: Ball
1-0: Ball
2-0: Ball
3-0: Called Strike
3-1: Called Strike
3-2: Base on Balls
Batting: RHB Pedro Jiménez 0-0: Ball
Ralph McKnight is caught stealing 2nd base
1-0: Ball
2-0: SINGLE (Line Drive, 6D)
Batting: RHB Victor Haley 0-0: Ball
1-0: Called Strike
1-1: Ball
2-1: Swinging Strike
2-2: Grounds into double play, 4-6-3 (Groundball, 4)
Bottom of the 1st over - 0 run(s), 1 hit(s), 0 error(s), 0 left on base; Lancaster 0 - Belvedere Park 0
TOP OF THE 2ND
Lancaster Farmers batting - Pitching for Belvedere Park Rawhides : RHP Jeff Mayer
Batting: RHB Bennett Bates 0-0: Foul Ball, location: 2F
0-1: Swinging Strike
0-2: Foul Ball, location: 2F
0-2: Strikes out swinging
Batting: RHB Chuck Wolf 0-0: Called Strike
0-1: Ball
1-1: Ball
2-1: Ground out 4-3 (Groundball, 4)
Batting: LHB Rob Wilson 0-0: Ball
1-0: Ball
2-0: Ball
3-0: Called Strike
3-1: Base on Balls
Batting: RHB Jack Sloan 0-0: Called Strike
0-1: Ball
1-1: Called Strike
1-2: Strikes out looking
Top of the 2nd over - 0 run(s), 0 hit(s), 0 error(s), 1 left on base; Lancaster 0 - Belvedere Park 0
BOTTOM OF THE 2ND
Belvedere Park Rawhides batting - Pitching for Lancaster Farmers : RHP John Boyle
Batting: RHB Danny Penn 0-0: Ball
1-0: Called Strike
1-1: Swinging Strike
1-2: Strikes out swinging
Batting: LHB Clark Espinosa 0-0: Foul Ball, location: 2F
0-1: Ball
1-1: Foul Ball, location: 2F
1-2: Fly out, F6 (Popup, 4MS)
Batting: SHB Phil Moore 0-0: Swinging Strike
0-1: Ball
1-1: Swinging Strike
1-2: Foul Ball, location: 2F
1-2: Foul Ball, location: 2F
1-2: Ball
2-2: Strikes out swinging
Bottom of the 2nd over - 0 run(s), 0 hit(s), 0 error(s), 0 left on base; Lancaster 0 - Belvedere Park 0
TOP OF THE 3RD
Lancaster Farmers batting - Pitching for Belvedere Park Rawhides : RHP Jeff Mayer
Batting: RHB Fernando Castro 0-0: Called Strike
0-1: Ball
1-1: Swinging Strike
1-2: Fly out, F7 (Flyball, 7M)
Batting: RHB Fred Meyer 0-0: Called Strike
0-1: Ball
1-1: Fly out, F1 (Flyball, 15)
Batting: RHB Jeffrey Avery 0-0: Called Strike
0-1: SINGLE (Groundball, 56)
Batting: RHB Jason Ruffin 0-0: Ball
Jeffrey Avery steals 2nd base
1-0: Ball
2-0: Ball
3-0: Called Strike
3-1: Called Strike
3-2: Foul Ball, location: 2F
3-2: Base on Balls
Batting: LHB Jim Unknown 0-0: Swinging Strike
0-1: Fly out, F7 (Line Drive, 78S)
Top of the 3rd over - 0 run(s), 1 hit(s), 0 error(s), 2 left on base; Lancaster 0 - Belvedere Park 0
BOTTOM OF THE 3RD
Belvedere Park Rawhides batting - Pitching for Lancaster Farmers : RHP John Boyle
Batting: RHB José Fuentes 0-0: Swinging Strike
0-1: Fly out, F7 (Flyball, 78M)
Batting: RHB Michael Taylor 0-0: Ball
1-0: Fly out, F9 (Flyball, 9M)
Batting: RHB Marlon Cummins 0-0: Ball
1-0: Swinging Strike
1-1: Fly out, F7 (Flyball, 78M)
Bottom of the 3rd over - 0 run(s), 0 hit(s), 0 error(s), 0 left on base; Lancaster 0 - Belvedere Park 0
TOP OF THE 4TH
Lancaster Farmers batting - Pitching for Belvedere Park Rawhides : RHP Jeff Mayer
Batting: RHB Bennett Bates 0-0: Ball
1-0: Ball
2-0: Called Strike
2-1: Swinging Strike
2-2: Strikes out swinging
Batting: RHB Chuck Wolf 0-0: Called Strike
0-1: Called Strike
0-2: Ball
1-2: Ball
2-2: Strikes out swinging, 2-3 out at first.
Batting: LHB Rob Wilson 0-0: Bunted foul
0-1: Fly out, F8 (Flyball, 8RM)
Top of the 4th over - 0 run(s), 0 hit(s), 0 error(s), 0 left on base; Lancaster 0 - Belvedere Park 0
BOTTOM OF THE 4TH
Belvedere Park Rawhides batting - Pitching for Lancaster Farmers : RHP John Boyle
Batting: RHB Ralph McKnight 0-0: Foul Ball, location: 2F
0-1: Called Strike
0-2: Strikes out looking
Batting: RHB Pedro Jiménez 0-0: Called Strike
0-1: Ball
1-1: Ball
2-1: Ball
3-1: SOLO HOME RUN (Flyball, 89XD), Distance : 407 ft
Pitching: RHP Benjamin Booth
Batting: RHB Victor Haley 0-0: Foul Ball, location: 2F
0-1: Ball
1-1: Fly out, F8 (Flyball, 8RD)
Batting: RHB Danny Penn 0-0: Ball
1-0: Called Strike
1-1: Foul Ball, location: 2F
1-2: Ground out 4-3 (Groundball, 4M)
Bottom of the 4th over - 1 run(s), 1 hit(s), 0 error(s), 0 left on base; Lancaster 0 - Belvedere Park 1
TOP OF THE 5TH
Lancaster Farmers batting - Pitching for Belvedere Park Rawhides : RHP Jeff Mayer
Batting: RHB Jack Sloan 0-0: Called Strike
0-1: Called Strike
0-2: Ball
1-2: Fly out, F9 (Flyball, 9M)
Batting: RHB Fernando Castro 0-0: Ball
1-0: Ball
2-0: Called Strike
2-1: Ground out 6-3 (Groundball, 6M)
Batting: RHB Fred Meyer 0-0: Foul Ball, location: 2F
0-1: Called Strike
0-2: Ball
1-2: Ball
2-2: Ball
3-2: Foul Ball, location: 2F
3-2: Ground out 5-3 (Groundball, 56)
Top of the 5th over - 0 run(s), 0 hit(s), 0 error(s), 0 left on base; Lancaster 0 - Belvedere Park 1
BOTTOM OF THE 5TH
Belvedere Park Rawhides batting - Pitching for Lancaster Farmers : RHP Benjamin Booth
Batting: LHB Clark Espinosa 0-0: Called Strike
0-1: Foul Ball, location: 2F
0-2: Ball
1-2: Ball
2-2: Ground out 1-3 (Groundball, 25)
Batting: SHB Phil Moore 0-0: Ground out 6-3 (Groundball, 6)
Batting: RHB José Fuentes 0-0: Ball
1-0: Foul Ball, location: 2F
1-1: Fly out, F7 (Flyball, 78M)
Bottom of the 5th over - 0 run(s), 0 hit(s), 0 error(s), 0 left on base; Lancaster 0 - Belvedere Park 1
TOP OF THE 6TH
Lancaster Farmers batting - Pitching for Belvedere Park Rawhides : RHP Jeff Mayer
Batting: RHB Jeffrey Avery 0-0: Ball
1-0: Ball
2-0: Ball
3-0: Called Strike
3-1: Foul Ball, location: 2F
3-2: Foul Ball, location: 2F
3-2: Foul Ball, location: 2F
3-2: Strikes out looking
Batting: RHB Jason Ruffin 0-0: Ball
1-0: Called Strike
1-1: Ball
2-1: Ball
3-1: Called Strike
3-2: Base on Balls
Batting: LHB Jim Unknown 0-0: Ball
1-0: Ball
2-0: SINGLE (Line Drive, 6MD)
Jason Ruffin to second
Batting: RHB Bennett Bates 0-0: Ball
1-0: Called Strike
1-1: Ball
2-1: Ball
3-1: Grounds into double play, 1-6-3 (Groundball, 15S)
Top of the 6th over - 0 run(s), 1 hit(s), 0 error(s), 1 left on base; Lancaster 0 - Belvedere Park 1
BOTTOM OF THE 6TH
Belvedere Park Rawhides batting - Pitching for Lancaster Farmers : RHP Benjamin Booth
Batting: RHB Michael Taylor 0-0: Foul Ball, location: 2F
0-1: Swinging Strike
0-2: Ground out 1-3 (Groundball, 13S)
Batting: RHB Marlon Cummins 0-0: Called Strike
0-1: SINGLE (Line Drive, 6MD)
Batting: RHB Ralph McKnight 0-0: Called Strike
0-1: Ball
Marlon Cummins is caught stealing 2nd base
1-1: Swinging Strike
1-2: Foul Ball, location: 2F
1-2: Foul Ball, location: 2F
1-2: Ball
2-2: Foul Ball, location: 2F
2-2: Ball
3-2: Ground out 6-3 (Groundball, 56D)
Bottom of the 6th over - 0 run(s), 1 hit(s), 0 error(s), 0 left on base; Lancaster 0 - Belvedere Park 1
TOP OF THE 7TH
Lancaster Farmers batting - Pitching for Belvedere Park Rawhides : RHP Jeff Mayer
Batting: RHB Chuck Wolf 0-0: Ball
1-0: Foul Ball, location: 2F
1-1: Swinging Strike
1-2: Ball
2-2: Ball
3-2: Foul Ball, location: 2F
3-2: Foul Ball, location: 2F
3-2: Foul Ball, location: 2F
3-2: Fly out, F9 (Flyball, 9LS)
Batting: LHB Rob Wilson 0-0: Called Strike
0-1: Ball
1-1: Swinging Strike
1-2: Ball
2-2: Ball
3-2: SINGLE (Groundball, 15) (infield hit)
Pitching: RHP John Green
Batting: RHB Jack Sloan 0-0: Ball
1-0: Ball
2-0: Foul Ball, location: 2F
2-1: Ball
3-1: Foul Ball, location: 2F
3-2: Ground out 1-3 (Groundball, 13S)
Rob Wilson to second
Pinch Hitting: RHB Ray John 0-0: Ball
1-0: Ball
2-0: Ball
3-0: Base on Balls
Batting: RHB Fred Meyer 0-0: Called Strike
0-1: Ball
1-1: SINGLE (Line Drive, 89M)
Rob Wilson to third
Ray John to second
Runner from 3rd tries for Home, SAFE, no throw or cutoff
Pinch Hitting: SHB Arturo Robles 0-0: Ball
1-0: Foul Ball, location: 2F
1-1: SINGLE (Line Drive, 56D)
Ray John to third
Fred Meyer to second
Batting: RHB Jason Ruffin 0-0: Ball
1-0: Ball
2-0: Ball
3-0: Called Strike
3-1: Fly out, F2 (Popup, 2LF)
Top of the 7th over - 1 run(s), 3 hit(s), 0 error(s), 3 left on base; Lancaster 1 - Belvedere Park 1
BOTTOM OF THE 7TH
Belvedere Park Rawhides batting - Pitching for Lancaster Farmers : RHP Benjamin Booth
Pitching: RHP David Tinker
Now at 2B: Jim Unknown
Now in CF: Arturo Robles
Pinch Hitting: RHB Jim Unknown 0-0: Called Strike
0-1: Fly out, F7 (Flyball, 7LS)
Batting: RHB Victor Haley 0-0: Ball
1-0: Fly out, F8 (Popup, 6MD)
Pinch Hitting: LHB José Estrada 0-0: Swinging Strike
0-1: Ball
1-1: Ball
2-1: Foul Ball, location: 2F
2-2: Ball
3-2: Strikes out swinging
Bottom of the 7th over - 0 run(s), 0 hit(s), 0 error(s), 0 left on base; Lancaster 1 - Belvedere Park 1
TOP OF THE 8TH
Lancaster Farmers batting - Pitching for Belvedere Park Rawhides : RHP John Green
Pitching: LHP Ray Thibaut
Now at 1B: José Estrada
Now in CF: Javier Pérez
Batting: LHB Jim Unknown 0-0: Foul Ball, location: 2F
0-1: Ball
1-1: Fly out, F9 (Flyball, 9M)
Pitching: LHP Christian Walsh
Batting: RHB Bennett Bates 0-0: Called Strike
0-1: DOUBLE (Line Drive, 7LS)
Batting: RHB Chuck Wolf 0-0: Intentional Walk
Batting: LHB Rob Wilson 0-0: Ball
1-0: Swinging Strike
1-1: Ball
2-1: Fly out, F8 (Flyball, 8RS)
Batting: RHB Jack Sloan 0-0: Foul Ball, location: 2F
0-1: Foul Ball, location: 2F
0-2: SINGLE (Line Drive, 6MD)
Bennett Bates to third
Chuck Wolf to second
Runner from 3rd tries for Home, throw and OUT!
Top of the 8th over - 0 run(s), 2 hit(s), 0 error(s), 2 left on base; Lancaster 1 - Belvedere Park 1
BOTTOM OF THE 8TH
Belvedere Park Rawhides batting - Pitching for Lancaster Farmers : RHP David Tinker
Pitching: LHP Gustavo Rúbio
Pinch Hitting: RHB Jeff Cox 0-0: Ball
1-0: Called Strike
1-1: Foul Ball, location: 2F
1-2: Strikes out swinging
Pitching: RHP Ted Thompson
Pinch Hitting: LHB Jerry Burnett 0-0: Foul Ball, location: 2F
0-1: Foul Ball, location: 2F
0-2: Ground out U3 (Groundball, 3S)
Batting: RHB José Fuentes 0-0: Fly out, F9 (Flyball, 89M)
Bottom of the 8th over - 0 run(s), 0 hit(s), 0 error(s), 0 left on base; Lancaster 1 - Belvedere Park 1
TOP OF THE 9TH
Lancaster Farmers batting - Pitching for Belvedere Park Rawhides : LHP Christian Walsh
Pitching: LHP Marc Burns
Now at SS: Jeff Cox
Now in LF: Jerry Burnett
Batting: LHB Jim Unknown 0-0: Foul Ball, location: 2F
0-1: Called Strike
0-2: Fly out, F6 (Line Drive, 6)
Batting: RHB Fred Meyer 0-0: Called Strike
0-1: Ball
1-1: Swinging Strike
1-2: Ball
2-2: Fly out, F7 (Flyball, 78M)
Batting: SHB Arturo Robles 0-0: Foul Ball, location: 2F
0-1: Ball
1-1: Foul Ball, location: 2F
1-2: Ball
2-2: Strikes out swinging
Top of the 9th over - 0 run(s), 0 hit(s), 0 error(s), 0 left on base; Lancaster 1 - Belvedere Park 1
BOTTOM OF THE 9TH
Belvedere Park Rawhides batting - Pitching for Lancaster Farmers : RHP Ted Thompson
Pitching: LHP António Silva
Pinch Hitting: SHB Jared Robinson 0-0: Hit by Pitch
Batting: RHB Marlon Cummins 0-0: Bunted foul
0-1: Sac Bunt - play at first, batter OUT! 5-4
Jared Robinson to second
Batting: RHB Ralph McKnight 0-0: Intentional Walk
Pinch Hitting: RHB Cam Palmer 0-0: Called Strike
0-1: Ball
1-1: Swinging Strike
1-2: Foul Ball, location: 2F
1-2: Ball
2-2: Strikes out looking
Batting: RHB Victor Haley 0-0: Ball
Wild Pitch!
Jared Robinson to third
Ralph McKnight to second
1-0: Ball
2-0: Called Strike
2-1: Ball
3-1: Foul Ball, location: 2F
3-2: Ground out 4-3 (Groundball, 4D)
Bottom of the 9th over - 0 run(s), 0 hit(s), 0 error(s), 2 left on base; Lancaster 1 - Belvedere Park 1
TOP OF THE 10TH
Lancaster Farmers batting - Pitching for Belvedere Park Rawhides : LHP Marc Burns
Now at 3B: Cam Palmer
Now in LF: Gary Perkins
Batting: RHB Jason Ruffin 0-0: Ball
1-0: Foul Ball, location: 2F
1-1: Foul Ball, location: 2F
1-2: Ball
2-2: SINGLE (Groundball, 5D)
Batting: LHB Jim Unknown 0-0: Ball
1-0: Called Strike
1-1: Called Strike
1-2: SINGLE (Groundball, 5D)
Jason Ruffin to second
Batting: RHB Bennett Bates 0-0: Bunted foul
0-1: Bunted foul
0-2: SINGLE (Line Drive, 6D)
Jason Ruffin to third
Jim Unknown to second
Batting: RHB Chuck Wolf 0-0: Called Strike
0-1: Foul Ball, location: 2F
0-2: Ball
1-2: Foul Ball, location: 2F
1-2: Ball
2-2: Ball
3-2: Foul Ball, location: 2F
3-2: Foul Ball, location: 2F
3-2: Strikes out swinging
Pinch Hitting: SHB Christos Galpin 0-0: Ball
1-0: Ball
2-0: Ball
3-0: Called Strike
3-1: Grounds into fielders choice 6-2 (Groundball, 6M)
Jim Unknown to third
Bennett Bates to second
Pinch Hitting: RHB Alan Potts 0-0: Ball
1-0: Ball
2-0: Ball
3-0: Called Strike
3-1: Called Strike
3-2: Base on Balls
Jim Unknown scores
Bennett Bates to third
Christos Galpin to second
Batting: LHB Jim Unknown 0-0: Foul Ball, location: 2F
0-1: Foul Ball, location: 2F
0-2: Foul Ball, location: 2F
0-2: Ball
1-2: TRIPLE (Line Drive, 3L)
Bennett Bates scores
Christos Galpin scores
Alan Potts scores
Pitching: RHP Javier Hernández
Batting: RHB Fred Meyer 0-0: Ball
1-0: Foul Ball, location: 2F
1-1: Called Strike
1-2: Ball
2-2: Foul Ball, location: 2F
2-2: Strikes out swinging
Top of the 10th over - 4 run(s), 4 hit(s), 0 error(s), 1 left on base; Lancaster 5 - Belvedere Park 1
BOTTOM OF THE 10TH
Belvedere Park Rawhides batting - Pitching for Lancaster Farmers : LHP António Silva
Now at C: Alan Potts
Now in LF: Javier Zumaya
Batting: LHB José Estrada 0-0: Ball
1-0: Ball
2-0: Called Strike
2-1: Swinging Strike
2-2: Strikes out swinging
Batting: RHB Jeff Cox 0-0: Ground out 6-3 (Groundball, 6M)
Batting: LHB Jerry Burnett 0-0: Called Strike
0-1: Foul Ball, location: 2F
0-2: Ball
1-2: Ball
2-2: Strikes out swinging
Bottom of the 10th over - 0 run(s), 0 hit(s), 0 error(s), 0 left on base; Lancaster 5 - Belvedere Park 1
This league is powered by Out of the Park Baseball, the baseball management simulation game for PC, Mac and Linux
Saturday, July 25th, 2015 - OOTP Baseball 15.6 Build 34